 Dungeon Crawl Stone Soup version 0.21-a0-552-g593960d (webtiles) character file.

281 polly the Skirmisher (level 6, -3/49 HPs)
             Began as a Demonspawn Berserker on Dec 18, 2017.
             Was a Believer of Trog.
             Killed from afar by Natasha (8 damage)
             ... with a magic dart
             ... on level 2 of the Dungeon.
             The game lasted 00:02:24 (1273 turns).

polly the Skirmisher (Demonspawn Berserker)         Turns: 1273, Time: 00:02:25

Health: -3/49      AC:  2    Str: 20    XL:     6   Next: 6%
Magic:  6/6        EV: 13    Int:  8    God:    Trog [**....]
Gold:   118        SH:  3    Dex: 12    Spells: 5/5 levels left

rFire    . . .     SeeInvis .     - Unarmed
rCold    + . .     Gourm    .   (no shield)
rNeg     . . .     Faith    .   b - +0 animal skin
rPois    .         Spirit   .   (no helmet)
rElec    .         Reflect  +   (no cloak)
rCorr    .         Harm     .   (no gloves)
MR       .....                  (no boots)
Stlth    +.........             a - +3 amulet of reflection
HPRegen  0.16/turn              g - ring of protection from cold
MPRegen  0.10/turn              (no ring)

@: slowed, very slow
A: claws 1, hooves 2
a: Berserk, Trog's Hand, Burn Spellbooks, Renounce Religion


You were on level 2 of the Dungeon.
You worshipped Trog.
Trog was pleased with you.
You were not hungry.

You visited 1 branch of the dungeon, and saw 2 of its levels.

You collected 118 gold pieces.

Inventory:

Armour
 b - a +0 animal skin (worn)
Jewellery
 a - a +3 amulet of reflection (around neck)
 g - a ring of protection from cold (left claw)
Scrolls
 d - a scroll of identify {unknown}
 h - a scroll of amnesia {unknown}
 i - 2 scrolls of remove curse {unknown}
 k - a scroll of teleportation {unknown}
Potions
 e - 4 potions of curing {unknown}
 l - 2 potions of heal wounds {unknown}
Comestibles
 c - a bread ration
 f - a royal jelly
 j - a meat ration


   Skills:
 + Level 4.7 Fighting
   Level 3.0 Axes
 + Level 2.3 Armour
 + Level 2.9 Dodging
 + Level 0.7 Stealth
 * Level 2.5 Unarmed Combat


You had 5 spell levels left.
You didn't know any spells.

Dungeon Overview and Level Annotations

Branches:
Dungeon (2/15)

Altars:

Annotations:
D:2 Natasha


Innate Abilities, Weirdness & Mutations

You have sharp fingernails.
You have hoof-like feet.


Message History

The crimson imp hits you. The white imp closely misses you.
You claw Natasha! Your kick misses Natasha.
Natasha is severely wounded.
You feel sick.
You are no longer poisoned.
Natasha claws you.
* * * LOW HITPOINT WARNING * * *
Natasha wildly gestures.
You feel disoriented. Natasha claws you.
* * * LOW HITPOINT WARNING * * *
The crimson imp hits you.
* * * LOW HITPOINT WARNING * * *
The white imp hits you.
* * * LOW HITPOINT WARNING * * *
The white imp freezes you. You resist.
* * * LOW HITPOINT WARNING * * *
Natasha stares at you and mumbles some strange words.
The magic dart hits you!
You die...

#............#
#............# ..
#............# #.
############## .
#.......# . #.......#
# #.......# #
#...5h..# # #....@..#
# #..%..5.# #
#.......# ##### ##
#.......# #...# #.
#.......# #.#.###.
#.....†.#######.#...#.
#...............###.#.
####.#########....#...
#.##......<....####


You could see Natasha, a crimson imp and a white imp.

Vanquished Creatures
  Sigmund (D:2)
  Natasha (twice) (D:2)
  2 adders (D:2)
  A dart slug (D:1)
  2 leopard geckos (D:1)
  An orc (D:2)
  4 bats
  A giant cockroach (D:2)
  7 goblins
  5 hobgoblins
  3 jackals (D:2)
  A quokka (D:2)
  2 frilled lizards
  4 kobolds
  5 rats
41 creatures vanquished.

Notes
Turn   | Place    | Note
-------+----------+-------------------------------------------
     0 | D:1      | polly the Demonspawn Berserker began the quest for the Orb.
     0 | D:1      | Reached XP level 1. HP: 18/18 MP: 1/1
   194 | D:1      | Gained mutation: You have large cloven feet. [demonic ancestry]
   194 | D:1      | Reached XP level 2. HP: 17/24 MP: 2/2
   681 | D:2      | Noticed Sigmund
   688 | D:2      | Killed Sigmund
   688 | D:2      | Reached skill level 4 in Fighting
   688 | D:2      | Reached skill level 1 in Unarmed Combat
   688 | D:2      | Reached XP level 3. HP: 31/31 MP: 3/3
   688 | D:2      | Gained mutation: You have hoof-like feet. [demonic ancestry]
   688 | D:2      | Reached XP level 4. HP: 38/38 MP: 4/4
   688 | D:2      | Reached XP level 5. HP: 43/43 MP: 5/5
   723 | D:2      | Reached ** piety under Trog
   728 | D:2      | Noticed Natasha
   779 | D:2      | Killed Natasha
  1162 | D:2      | Noticed Natasha
  1173 | D:2      | Killed Natasha
  1173 | D:2      | Gained mutation: You have sharp fingernails. [demonic ancestry]
  1173 | D:2      | Reached XP level 6. HP: 29/49 MP: 6/6
  1265 | D:2      | Noticed Natasha
  1273 | D:2      | Killed from afar by Natasha

Vault maps used:
D:1:      tarquinn_simple_flora_water_d
D:2:      first_bread, uniq_natasha, uniq_sigmund

Skill      XL: |  1  2  3  4  5 |
---------------+----------------+-----
Axes           | 3 |  3.0
Fighting       | 4 |  4.7
Armour         | 2 |  2.3
Dodging        | 2 |  2.9
Unarmed Combat | 1 2 |  2.5
Stealth        | |  0.7

Action                   |  1- 3 |  4- 6 || total
-------------------------+-------+-------++-------
Melee: Hand axe          |    19 |       ||    19
       Unarmed           |    24 |    99 ||   123
       Kick              |     8 |    24 ||    32
Invok: Berserk           |     1 |       ||     1
 Stab: Sleeping          |       |     1 ||     1
  Eat: Chunk             |       |     2 ||     2
Armor: Animal skin       |    13 |    11 ||    24
Dodge: Dodged            |    31 |    76 ||   107
Block: Other             |       |     7 ||     7

Table legend:
 A = Spawn XP
 B = Non-spawn XP
 C = Spawn XP percentage of total XP
 D = Spawn monster count
 E = Non-spawn monster count
 F = Spawn count percentage of total count
 G = Total turns spent on level
                    A         B        C        D         E        F      G
               +---------+---------+-------+---------+---------+-------+---------
         Total |       0 |     402 |   0.0 |       0 |      41 |   0.0 |  1273
               +---------+---------+-------+---------+---------+-------+---------
           D:1 |       0 |      28 |   0.0 |       0 |      15 |   0.0 |   632
           D:2 |       0 |     374 |   0.0 |       0 |      26 |   0.0 |   641
               +---------+---------+-------+---------+---------+-------+---------
